 Dungeon Crawl Stone Soup version 0.30-a0-639-g3916f1956a (webtiles) character file.

Game seed: 437857413630345637

175 acebull12 the Shield-Bearer (level 5, -8/42 HPs)
             Began as a Formicid Fighter on Jan 17, 2023.
             Mangled by an ogre
             ... wielding a +0 giant club
              (15 damage)
             ... on level 4 of the Dungeon.
             The game lasted 00:03:51 (3120 turns).

acebull12 the Shield-Bearer (Formicid Fighter)      Turns: 3120, Time: 00:03:52

Health: -8/42      AC:  7    Str: 23    XL:     5   Next: 86%
Magic:  5/5        EV:  9    Int:  7    God:
Gold:   184        SH:  5    Dex: 13    Spells: 4/4 levels left

rFire   . . .      SeeInvis +    a - +0 war axe
rCold   . . .      Faith    .    c - +0 buckler
rNeg    + . .      Spirit   .    b - +0 scale mail
rPois   .          Reflect  .    (helmet unavailable)
rElec   .          Harm     .    (no cloak)
rCorr   .          Rampage  .    (no gloves)
Will    +....                    (no boots) Stlth
                                 (no amulet)
HPRegen 0.27/turn                r - ring of willpower
MPRegen 0.09/turn                f - ring of positive energy

@: mighty
A: permanent stasis, dig shafts and tunnels, antennae 3, four strong arms
a: Dig, Shaft Self


You were on level 4 of the Dungeon.
You visited 1 branch of the dungeon, and saw 4 of its levels.

You collected 184 gold pieces.

Inventory:

Hand Weapons
 a - a +0 war axe (weapon)
Missiles
 n - 20 stones (quivered)
Armour
 b - a +0 scale mail (worn)
 c - a +0 buckler (worn)
Jewellery
 f - a ring of positive energy (right hand)
 r - a ring of willpower (left hand)
Scrolls
 e - 3 scrolls of teleportation {unknown}
 g - 2 scrolls of fear {unknown}
 i - 4 scrolls of identify {unknown}
 k - a scroll of blinking {unknown}
 l - a scroll of fog {unknown}
 p - a scroll of magic mapping {unknown}
 q - a scroll of immolation {unknown}
Potions
 d - a potion of might
 h - 4 potions of curing {unknown}
 j - 3 potions of attraction {unknown}
 m - a potion of brilliance {unknown}
 o - 2 potions of berserk rage {unknown}


   Skills:
 + Level 3.7 Fighting
 * Level 3.7 Axes
 * Level 1.0 Throwing
 * Level 4.2 Armour
 * Level 5.1 Shields


You had 4 spell levels left.
You didn't know any spells.
Your spell library contained the following spells:

 Spells                   Type           Power      Damage    Failure   Level
 Apportation              Tloc           0%         N/A       80%         1
 Necrotise                Necr           0%         1d4       80%         1
 Sandblast                Erth           0%         2d4       80%         1
 Summon Small Mammal      Summ           0%         N/A       80%         1
 Passwall                 Tmut/Erth      0%         N/A       91%         2
 Frozen Ramparts          Ice            0%         1d1       99%         3
 Inner Flame              Hex/Fire       0%         N/A       99%         3
 Stone Arrow              Conj/Erth      0%         3d7       99%         3
 Cause Fear               Hex            0%         N/A       100%        4
 Ice Form                 Ice/Tmut       0%         N/A       100%        4
 Summon Ice Beast         Ice/Summ       0%         N/A       100%        4
 Discord                  Hex            0%         N/A       100%        8


Dungeon Overview and Level Annotations

Branches:
Dungeon (4/15)
 Temple: D:4-7

Altars:
Uskayaw
The Shining One

Shops:
D:2 =

Annotations:
D:4 2 transporters, acebull12's ghost, novice FoFi


Innate Abilities, Weirdness & Mutations

You cannot be hasted, slowed, berserked, paralysed or teleported.
You can dig through walls and to a lower floor.
You have a pair of large antennae on your head. (SInv)
Your four strong arms can wield two-handed weapons with a shield.


Message History

You kill the hobgoblin!
No target in view!
No target in view!
You sense a monster nearby.
Found a spear.
Acebull12's ghost turns its malevolent gaze towards you.
Found a transporter.
The ogre shouts!
You hear a shout!
Found a potion of might.
Found a stone staircase leading down.
You see here a +0 spear.
Found a transporter.
There is a transporter landing site here.
Found a Young Poisoner's Handbook.
There is a transporter here.
d - 2 potions of might (gained 1)
There is a stone staircase leading down here.
You sense a monster nearby.
Found a stone staircase leading down.
There is a stone staircase leading down here.
You open the door.
There is an open door here.
h - 4 fizzy green potions (gained 1)
There is an open door here.
The ogre shouts!
You hear a shout! x2
Okay, then.
You feel very mighty all of a sudden.
You hit the ogre but do no damage.
The ogre hits you with a +0 giant club!!
Ouch! That really hurt!
You slash the ogre!
The ogre is moderately wounded.
The ogre hits you with a +0 giant club!
* * * LOW HITPOINT WARNING * * *
You completely miss the ogre.
The ogre is moderately wounded.
The ogre completely misses you.
You slash the ogre!
The ogre is almost dead.
The ogre hits you with a +0 giant club!
You die...

###........# #.#
#........# #.#
#........# #.#
##.##############.#
#.# #.....#.# { #..
#.....#.# .##.
#.....#.# ..
#..#####.....#.# #
.. ###.
#.O@..'.....#.# .
.###..
#######.....#.# .#.
... #.....#.#
.....# #.....#.#
..#.# #.....#.#
.?..#
#.....#.######
..########
#......>.....#
..'.......
############.#
..########


You could see an ogre.

Vanquished Creatures
  A scorpion (D:4)
  A hound (D:4)
  An orc wizard (D:3)
  An adder (D:3)
  3 dart slugs
  3 orcs (D:3)
  A ball python (D:3)
  3 endoplasms
  A giant cockroach (D:3)
  A goblin (D:1)
  6 hobgoblins
  2 jackals (D:2)
  5 kobolds
  2 quokkas
  4 bats
  2 frilled lizards (D:1)
  6 rats
43 creatures vanquished.

Notes
Turn   | Place    | Note
-------+----------+-------------------------------------------
     0 | D:1      | acebull12 the Formicid Fighter began the quest for the Orb.
     0 | D:1      | Reached XP level 1. HP: 18/18 MP: 1/1
   147 | D:1      | Reached XP level 2. HP: 21/24 MP: 2/2
   663 | D:1      | Reached XP level 3. HP: 29/29 MP: 3/3
   798 | D:2      | Found a hide-covered altar of Uskayaw.
   822 | D:2      | Found Litecw's Jewellery Emporium.
  1852 | D:3      | Reached XP level 4. HP: 37/37 MP: 4/4
  2130 | D:3      | Reached skill level 5 in Shields
  2569 | D:3      | Found a glowing golden altar of the Shining One.
  2701 | D:4      | Reached XP level 5. HP: 31/42 MP: 5/5
  2772 | D:4      | Reached skill level 1 in Throwing
  2823 | D:4      | Noticed an ogre
  3037 | D:4      | Noticed acebull12's ghost (novice FoFi)
  3037 | D:4      | Noticed an ogre
  3038 | D:4      | Found a transporter.
  3038 | D:4      | Identified the +4 dire flail "Neish" {vamp, Will+ Dex+4}
  3038 | D:4      | Noticed an ogre
  3045 | D:4      | Found a transporter.
  3120 | D:4      | Mangled by an ogre

Illustrated notes

Levels and vault maps discovered:
D:1:      lordsloth_arrival_two_stooges, layout_loops_ring
D:2:      layout_basic, basic_altar, serial_shops, nicolae_shop_stone,
          nicolae_titane
D:3:      layout_loops_ring, lemuel_coloured_pillars_altar,
          nicolae_eternal_life, chequers_serial_rivers_micro_e
D:4:      layout_basic, minmay_temple_entry_slanted, gammafunk_ghost_smash

Skill      XL: |  1  2  3  4  5 |
---------------+----------------+-----
Shields        | 5 |  5.1
Axes           | 3 |  3.7
Throwing       | 1 |  1.0
Armour         | 4 |  4.2
Fighting       | |  3.7

Action                   |  1- 3 |  4- 6 || total
-------------------------+-------+-------++-------
Melee: War axe           |    78 |    43 ||   121
  Use: Potion            |       |     1 ||     1
Armor: Scale mail        |    32 |    20 ||    52
Dodge: Dodged            |    38 |    19 ||    57
Block: Buckler           |    27 |     7 ||    34

Table legend: (Time is in decaauts)
 A = Elapsed time spent in this place.
 B = Non-inter-level travel time spent in this place.
 C = Inter-level travel time spent in this place.
 D = Time resting spent in this place.
 E = Time spent auto-exploring this place.
 F = Levels seen in this place.
 G = Mean time per level.
                   A        B        C        D        E       F      G
               +--------+--------+--------+--------+--------+-----+--------+
         Total |   3168 |   2828 |    340 |     46 |   2339 |   4 |  792.0 |
       Dungeon |   3168 |   2828 |    340 |     46 |   2339 |   4 |  792.0 |
               +--------+--------+--------+--------+--------+-----+--------+

Top non-repeatable levels by time:
     D:3: 1020 daAuts
     D:2: 991 daAuts
     D:1: 765 daAuts
     D:4: 391 daAuts
